 Dungeon Crawl Stone Soup version 0.24.0-2-g5b39cebb1c (webtiles) character file.

Game seed: 4551901073497429199, levelgen mode: deterministic

6766 DavidChitty2 the Spear-Bearer (level 10, -1/80 HPs)
             Began as a Demonspawn Gladiator on Oct 31, 2019.
             Was a Priest of Dithmenos.
             Slain by a freezing wraith (14 damage)
             ... led by a death knight
             ... on level 10 of the Dungeon.
             The game lasted 00:32:22 (13605 turns).

DavidChitty2 the Spear-Bearer (DsGl)               Turns: 13605, Time: 00:32:23

Health: -1/80      AC: 14    Str: 16    XL:     10   Next: 76%
Magic:  13/13      EV: 16    Int:  9    God:    Dithmenos [***...]
Gold:   683        SH:  0    Dex: 17    Spells: 9/9 levels left

rFire    + . .     SeeInvis .   a - +1 trident
rCold    . . .     Gourm    .   (no shield)
rNeg     . . .     Faith    .   n - +2 ring mail {rF+}
rPois    +         Spirit   .   (helmet restricted)
rElec    .         Reflect  .   z - +2 cloak
rCorr    .         Harm     .   d - +0 pair of gloves
MR       .....                  (no boots)
Stlth    ++........             (no amulet)
HPRegen  0.23/turn              A - ring of poison resistance
MPRegen  0.13/turn              (no ring)

@: slowed, wreathed by umbra, very slow
A: horns 1, slimy green scales 2, nightstalker 1, powered by death 1
a: Shadow Step, Renounce Religion


You were on level 10 of the Dungeon.
You worshipped Dithmenos.
Dithmenos was most pleased with you.
You were not hungry.

You visited 2 branches of the dungeon, and saw 11 of its levels.

You collected 683 gold pieces.

Inventory:

Hand Weapons
 a - a +1 trident (weapon)
Missiles
 h - 407 stones
 k - 6 throwing nets {!f}
 w - 30 poisoned darts (quivered)
Armour
 d - a +0 pair of gloves (worn)
   (You found it on level 2 of the Dungeon)
 n - a +2 ring mail of fire resistance (worn)
   (You found it on level 6 of the Dungeon)
 z - a +2 cloak (worn)
   (You found it on level 8 of the Dungeon)
Jewellery
 A - a ring of poison resistance (left hand)
   (You found it on level 4 of the Dungeon)
 I - an uncursed amulet of harm {unknown}
   (You found it on level 10 of the Dungeon)
Wands
 l - a wand of enslavement (3)
   (You found it on level 8 of the Dungeon)
 v - a wand of digging (4)
   (You took it off a crimson imp on level 8 of the Dungeon)
Scrolls
 b - 3 scrolls of teleportation {@r4}
 f - 3 scrolls of remove curse {@r2}
 g - 3 scrolls of fog
 r - 4 scrolls of magic mapping
 s - a scroll of enchant armour {unknown}
 t - 2 scrolls of fear
 y - a scroll of summoning {unknown}
 E - 2 scrolls of enchant weapon
 F - 2 scrolls of identify {@r1}
Potions
 c - a potion of mutation {!q}
 i - a potion of haste {@q3}
 j - 2 potions of brilliance
 m - a potion of degeneration {!q}
 p - 3 potions of ambrosia
 u - a potion of cancellation
 x - a potion of berserk rage {unknown}
 B - 2 potions of might
 C - 2 potions of invisibility {unknown}
 D - a potion of flight {unknown}
 H - a potion of agility
Comestibles
 e - 12 rations {!d}
 G - a chunk of flesh


   Skills:
 + Level 8.1 Fighting
 * Level 10.5 Polearms
 - Level 1.7 Throwing
 - Level 3.0 Armour
 + Level 7.7 Dodging
 - Level 5.0 Invocations


You had 9 spell levels left.
You didn't know any spells.
Your spell library contained the following spells:

 Spells                   Type           Power        Failure   Level  Hunger
 Magic Dart               Conj           #...         58%         1    ##.....
 Blink                    Tloc           N/A          75%         2    ###....
 Call Imp                 Summ           #.......     75%         2    ###....
 Slow                     Hex            #.......     75%         2    ###....
 Conjure Flame            Conj/Fire      #.......     92%         3    ####...
 Mephitic Cloud           Conj/Pois/Air  #.......     92%         3    ####...


Dungeon Overview and Level Annotations

Branches:
Dungeon (10/15)            Temple (1/1) D:6             Orc (0/2) D:9
   Lair: D:8-11

Altars:
Ashenzari
Cheibriados
Dithmenos
Elyvilon
Fedhas
Gozag
Hepliaklqana
Kikubaaqudgha
Makhleb
Nemelex Xobeh
Okawaru
Qazlal
Ru
Sif Muna
Trog
Uskayaw
Vehumet
Wu Jian
Xom
Yredelemnul
Zin
The Shining One

Shops:
D:5 ?   D:7 %

Annotations:
D:5 3 runed translucent doors, Aelig's ghost, amateur TeAE
D:8 Grum
D:9 exclusion: ice statue
D:10 3 runed translucent doors, Fingolfin's ghost, novice FoNe


Innate Abilities, Weirdness & Mutations

You have a pair of small horns on your head.
You are mostly covered in slimy green scales. (AC +3)
You are slightly more attuned to the shadows.
You regenerate a little health from kills.


Message History

You hit the freezing wraith.
The freezing wraith hits you but does no damage.
The freezing wraith completely misses you.
You barely miss the freezing wraith.
Your headbutt misses the freezing wraith.
The freezing wraith barely misses you. x2
You hit the freezing wraith.
You hit the freezing wraith but do no damage.
The freezing wraith hits you!
* * * LOW HITPOINT WARNING * * *
The freezing wraith freezes you!!
* * * LOW HITPOINT WARNING * * *
The freezing wraith hits you but does no damage.
You feel much better.
The freezing wraith completely misses you.
The freezing wraith barely misses you.
You hit the freezing wraith but do no damage.
Your headbutt misses the freezing wraith.
The freezing wraith hits you but does no damage.
The freezing wraith barely misses you.
You closely miss the freezing wraith.
You headbutt the freezing wraith, but do no damage.
The freezing wraith misses you. The freezing wraith closely misses you.
You barely miss the freezing wraith.
You hit the freezing wraith but do no damage.
The freezing wraith closely misses you. The freezing wraith hits you.
* * * LOW HITPOINT WARNING * * *
The freezing wraith drains your vigour!
You feel yourself slow down.
You hit the freezing wraith but do no damage.
The freezing wraith hits you!
* * * LOW HITPOINT WARNING * * *
The freezing wraith freezes you!!
* * * LOW HITPOINT WARNING * * *
The freezing wraith closely misses you.
Okay, then.
You feel better. The freezing wraith closely misses you.
The freezing wraith hits you!
* * * LOW HITPOINT WARNING * * *
The freezing wraith drains your vigour!
You feel as though you will be slow longer.
The freezing wraith hits you but does no damage.
The freezing wraith misses you.
You feel better.
The freezing wraith hits you but does no damage.
The freezing wraith misses you.
You feel better. The freezing wraith hits you.
* * * LOW HITPOINT WARNING * * *
The freezing wraith freezes you!
You die...

#.........## ....#
#.........# ..... #........##
.....# ##.......## ......
#........# ......##.......##
.......#.......#
.......#......##
.......@......#### ###
.P.....W.........#####..
P..P..P.................
.P......###.............
#..P.....PP..###......######.
#..P.P.P.P..............# ##
##.P.P.####.P....###.)...## #
#...P.P# +...P..# ###....# #
#..P...# #P.....# ######


You could see a freezing wraith.

Vanquished Creatures
  Erica (D:8)
  Harold (D:8)
  A two-headed ogre (D:10)
  Pikel (D:8)
  A hippogriff (D:8)
  A human (D:9)
  A hog (D:8)
  2 hungry ghosts
  2 orc warriors
  4 slaves (D:8)
  A sky beast (D:10)
  An ice beast (D:9)
  A necrophage (D:10)
  2 phantoms
  An eye of draining (D:8)
  5 ogres
  4 wolves
  A big kobold (D:8)
  4 bullfrogs
  3 scorpions
  5 wights (D:8)
  6 killer bees (D:7)
  4 crimson imps
  4 hounds
  7 orc wizards
  An orc priest (D:3)
  A jelly (D:5)
  2 bullfrog skeletons
  Natasha (thrice) (D:3)
  3 iguanas
  5 worker ants
  A hound skeleton (D:10)
  Robin (D:3)
  12 adders
  4 shadow imps
  6 ufetubi (D:9)
  An ooze (D:3)
  An adder skeleton (D:9)
  2 worms
  2 dart slugs
  6 leopard geckos
  47 orcs
  A ball python (D:4)
  11 giant cockroaches
  12 hobgoblins
  17 kobolds
  9 quokkas
  8 bats
  4 frilled lizards
  14 goblins
  2 jackal skeletons
  A quokka zombie (D:9)
  3 rats (D:3)
244 creatures vanquished.

Vanquished Creatures (others)
  A centaur skeleton (D:5)
  A fungus (D:10)
  A plant (D:10)
3 creatures vanquished.

Grand Total: 247 creatures vanquished

Notes
Turn   | Place    | Note
-------+----------+-------------------------------------------
     0 | D:1      | DavidChitty2 the Demonspawn Gladiator began the quest for
                  | the Orb.
     0 | D:1      | Reached XP level 1. HP: 16/16 MP: 1/1
   269 | D:1      | Gained mutation: You are partially covered in slimy green
                  | scales. (AC +2) [demonic ancestry]
   269 | D:1      | Reached XP level 2. HP: 19/22 MP: 2/2
   275 | D:1      | Reached skill level 3 in Polearms
   871 | D:2      | Reached skill level 1 in Armour
   871 | D:2      | Reached XP level 3. HP: 27/28 MP: 3/3
  1596 | D:2      | Reached XP level 4. HP: 27/34 MP: 4/4
  3004 | D:3      | Noticed an ice beast
  3290 | D:3      | Reached skill level 4 in Polearms
  3290 | D:3      | Reached XP level 5. HP: 40/40 MP: 5/5
  3293 | D:3      | Noticed Robin
  3329 | D:3      | Killed Robin
  3554 | D:3      | Noticed Natasha
  3565 | D:3      | Killed Natasha
  3782 | D:3      | Found a shattered altar of Ashenzari.
  3784 | D:3      | Noticed Natasha
  3848 | D:3      | Killed Natasha
  4106 | D:3      | Noticed Natasha
  4115 | D:3      | Killed Natasha
  4115 | D:3      | Gained mutation: You are slightly more attuned to the
                  | shadows. [demonic ancestry]
  4115 | D:3      | Reached XP level 6. HP: 44/47 MP: 6/6
  5108 | D:5      | Entered Level 5 of the Dungeon
  5108 | D:5      | Found a snail-covered altar of Cheibriados.
  5281 | D:5      | Noticed Aelig's ghost (amateur TeAE)
  5284 | D:5      | Reached skill level 5 in Polearms
  5284 | D:5      | Identified the +9 whip of Ruination {pain, +Rage Int+4
                  | Dex+7}
  5398 | D:5      | Found a runed translucent gate.
  5398 | D:5      | Found a runed translucent gate.
  5517 | D:5      | Found an ancient bone altar of Kikubaaqudgha.
  5569 | D:5      | Found Qottijash's Magic Scroll Shop.
  5605 | D:5      | Found a runed translucent gate.
  5655 | D:5      | Gained mutation: You have a pair of small horns on your
                  | head. [demonic ancestry]
  5655 | D:5      | Reached XP level 7. HP: 40/53 MP: 7/7
  5971 | D:5      | Found a shimmering altar of Xom.
  7428 | D:6      | Reached skill level 6 in Polearms
  7514 | D:6      | Found a staircase to the Ecumenical Temple.
  7523 | Temple   | Entered the Ecumenical Temple
  7686 | Temple   | Became a worshipper of Dithmenos the Shadowed
  8024 | D:7      | Gained mutation: You regenerate a little health from kills.
                  | [demonic ancestry]
  8024 | D:7      | Reached XP level 8. HP: 15/61 MP: 8/8
  8024 | D:7      | Reached skill level 1 in Invocations
  8429 | D:7      | Found Xuocwurr's Food Boutique.
  8671 | D:8      | Noticed Pikel
  8679 | D:8      | HP: 2/61 [disintegration (14)]
  8680 | D:8      | Killed Pikel
  8680 | D:8      | Reached skill level 5 in Fighting
  8680 | D:8      | Reached skill level 7 in Polearms
  8680 | D:8      | Reached skill level 5 in Dodging
  8997 | D:8      | Noticed a hippogriff
  9018 | D:8      | Killed a hippogriff
  9018 | D:8      | Gained mutation: You are mostly covered in slimy green
                  | scales. (AC +3) [demonic ancestry]
  9018 | D:8      | Reached XP level 9. HP: 57/68 MP: 10/12
  9039 | D:8      | Reached * piety under Dithmenos
  9130 | D:8      | Noticed Grum
  9270 | D:8      | Reached skill level 8 in Polearms
  9343 | D:7      | Reached skill level 5 in Invocations
  9618 | D:8      | Noticed Prince Ribbit
  9619 | D:8      | Noticed Prince Ribbit
  9619 | D:8      | Prince Ribbit changed into Prince Ribbit the raiju
  9620 | D:8      | Noticed Prince Ribbit
  9620 | D:8      | Prince Ribbit the raiju changed into Prince Ribbit the eye
                  | of draining
  9628 | D:8      | Killed Prince Ribbit the eye of draining
  9756 | D:8      | Noticed Maurice
  9757 | D:8      | Noticed Maurice
  9757 | D:8      | Maurice changed into Maurice the hog
  9767 | D:8      | Killed Maurice the hog
  9775 | D:8      | Noticed Erica
  9809 | D:8      | Killed Erica
  9809 | D:8      | Reached skill level 9 in Polearms
  9833 | D:8      | Reached ** piety under Dithmenos
  9981 | D:8      | Noticed Harold
 10007 | D:8      | Killed Harold
 10007 | D:8      | Reached XP level 10. HP: 47/79 MP: 13/13
 10609 | D:9      | Noticed an ice statue
 10977 | D:9      | Found an ornate altar of the Wu Jian Council.
 11016 | D:9      | Found a staircase to the Orcish Mines.
 11276 | D:9      | Found a burning altar of Makhleb.
 11359 | D:9      | Found a stormy altar of Qazlal.
 11620 | D:10     | Entered Level 10 of the Dungeon
 11637 | D:10     | Reached *** piety under Dithmenos
 11716 | D:10     | Reached skill level 10 in Polearms
 11782 | D:10     | Found a runed translucent gate.
 11783 | D:10     | Found a runed translucent gate.
 11784 | D:10     | Found a runed translucent gate.
 11784 | D:10     | Found an opulent altar of Gozag.
 11785 | D:10     | Noticed Fingolfin's ghost (novice FoNe)
 11926 | D:10     | Noticed a skeletal warrior
 12887 | D:10     | Noticed a two-headed ogre
 12897 | D:10     | Killed a two-headed ogre
 13199 | D:10     | Noticed a death knight
 13602 | D:10     | HP: 4/80 [freezing wraith[a death knight] (22)]
 13605 | D:10     | Slain by a freezing wraith

Levels and vault maps discovered:
D:1:      nagdon_arrival_double_spiral, layout_basic
D:2:      layout_basic, st_stairs_3
D:3:      layout_basic, first_ration, grunt_ashenzari_visionary
          [grunt_ashenzari_visionary_shoals, grunt_ashenzari_visionary_snake],
          uniq_robin, uniq_natasha
D:4:      layout_cave_pods
D:5:      layout_basic, kennysheep_mini, cheibriados_altar_1,
          nicolae_overflow_crystal_walls, gammafunk_ghost_nasty_kobolds,
          serial_shops, shop_fountains, lemuel_flamethrower_1
D:6:      layout_loops_ring, minmay_temple_entry_large_hall
D:7:      layout_cave_pools, serial_shops, shop
D:8:      layout_basic, uniq_maurice, uniq_pikel, uniq_erica,
          uniq_prince_ribbit1, uniq_grum, uniq_harold
D:9:      cheibrodos_frozen_isle, layout_rooms, lemuel_round_altar,
          nicolae_qazlal_style_of_elements, lemuel_crystal_altar,
          hiddenorc1_lemuel, grunt_pizzeria
D:10:     layout_cave_pods, grunt_lair_entry_orc_guard_hut, ebering_ghost_gozag
Temple:   nicolae_temple_elliptical

Skill      XL: |  1  2  3  4  5  6  7  8  9 10 |
---------------+-------------------------------+-----
Polearms       | 3 4 5 6 7 9 10 | 10.5
Armour         | 1 2 3 |  3.0
Dodging        | 3 4 5 6 7 |  7.7
Fighting       | 3 4 5 7 8 |  8.1
Invocations    | 4 5 |  5.0
Throwing       | |  1.7

Action                   |  1- 3 |  4- 6 |  7- 9 | 10-12 || total
-------------------------+-------+-------+-------+-------++-------
Melee: Trident           |   135 |   271 |   336 |   428 ||  1170
       Headbutt          |       |       |    48 |    59 ||   107
Throw: Stone             |    31 |     3 |       |       ||    34
       Dart              |       |    18 |     4 |       ||    22
Evoke: Wand              |       |     3 |    24 |    12 ||    39
  Use: Scroll            |       |    14 |     8 |       ||    22
       Potion            |       |       |     4 |     4 ||     8
 Stab: Sleeping          |       |     5 |     4 |     5 ||    14
       Distracted        |       |     1 |     2 |     1 ||     4
       Confused          |       |     1 |       |       ||     1
  Eat: Chunk             |     2 |    13 |     4 |    10 ||    29
       Ration            |       |       |     3 |     2 ||     5
Armor: Leather armour    |    43 |    57 |       |       ||   100
       Ring mail         |       |    20 |   104 |    79 ||   203
Dodge: Dodged            |    74 |   192 |   283 |   219 ||   768
